 Seeded DCSS version 0.30.1-4-g462c640d31 (webtiles) character file.

Game seed: 6351066067085065685 (custom seed)

0 Esekla the Magician (level 1, -1/10 HPs)
             Began as a Deep Elf Wanderer on Sept 8, 2023.
             Succumbed to an adder's poison
             ... on level 2 of the Dungeon.
             The game lasted 00:06:22 (521 turns).

Esekla the Magician (Deep Elf Wanderer)              Turns: 521, Time: 00:06:22

Health: -1/10      AC:  2    Str: 11    XL:     1   Next: 8%
Magic:  7/7        EV: 10    Int: 17    God:
Gold:   50         SH:  3    Dex: 11    Spells: 6/8 levels left

rFire   . . .        a - +0 short sword
rCold   . . .        d - +0 buckler
rNeg    . . .        c - +0 robe
rPois   .            (no helmet)
rElec   .            (no cloak)
rCorr   .            (no gloves)
SInv    .            (no boots)
Will    .....        (no amulet)
Stlth   ++           (no ring)
HPRegen 0.21/turn    (no ring)
MPRegen 0.10/turn

%: no passive effects
@: lethally poisoned (-1 -> -8)
A: no striking features
a: no special abilities


You were on level 2 of the Dungeon.
You visited 1 branch of the dungeon, and saw 3 of its levels.

You collected 50 gold pieces.

Inventory:

Hand Weapons
 a - a +0 short sword (weapon)
Armour
 c - a +0 robe (worn)
 d - a +0 buckler (worn)
Wands
 i - a wand of roots (9)
Scrolls
 g - a scroll of identify
Potions
 b - a potion of lignification


   Skills:
 + Level 1.2 Stealth
 + Level 1.5 Shields
 * Level 4.4 Spellcasting
 + Level 2.1 Translocations
 + Level 1.0 Invocations


You had 6 spell levels left.
You knew the following spells:

 Your Spells              Type           Power      Damage    Failure   Level
a - Magic Dart            Conj           12%        1d3       22%         1
p - Apportation           Tloc           22%        N/A       9%          1

Your spell library contained the following spells:

 Spells                   Type           Power      Damage    Failure   Level
 Blink                    Tloc           22%        N/A       14%         2
 Lesser Beckoning         Tloc           22%        N/A       14%         2
 Ignite Poison            Fire/Tmut/Pois 3%         N/A       54%         3
 Vampiric Draining        Necr           3%         2d6       54%         3


Dungeon Overview and Level Annotations

Branches:
Dungeon (3/15)

Altars:

Shops:
D:2 =


Message History

There is a stone staircase leading up here.
You climb upwards.
There is a stone staircase leading down here.
As you read the scroll of identify, it crumbles to dust.
k - a potion of curing The adder closely misses you.
Unknown command.
The adder bites you but does no damage. The adder is attracted toward you.
Your extra speed is starting to run out.
The adder is attracted toward you.
You feel less attractive to monsters.
You feel yourself slow down. The adder attacks as you move away!
The adder closely misses you. The adder bites you.
You are poisoned.
The adder poisons you! The adder attacks as you move away! The adder bites you.
You are lethally poisoned!
The adder poisons you!
You feel sick.
* * * LOW HITPOINT WARNING * * *
You feel sick.
You feel better. The adder completely misses you. The adder barely misses you.
The adder attacks as you move away! The adder bites you.
The adder barely misses you. The adder attacks as you move away!
You block the adder's attack. The adder barely misses you.
The adder attacks as you move away! The adder bites you.
The adder closely misses you. The adder attacks as you move away!
The adder bites you but does no damage. The adder bites you.
You are poisoned.
The adder poisons you! The adder attacks as you move away! The adder bites you.
You feel sick.
You feel sick.
You feel sick.
You feel sick. The adder bites you.
* * * LOW HITPOINT WARNING * * *
You are more poisoned.
The adder poisons you!
You die...

### ..# #.############
.............#
..#######.##>#
..##.......#.#
..##.####..#.### ..##.#
#......############ .....#
#.......@.S.......#
..#######.###..##########.#
..........# #.<# #.#
..#######.# #..# #.# ..#
#)# #..# ##.# ..#######.#
#..#########.#.####
..........#
#...........###...#
.##########
#.##########.#.##.# .# #.#
##.###.#


You could see an adder.

Vanquished Creatures
  A kobold (D:1)
1 creature vanquished.

Notes
Turn   | Place    | Note
-------+----------+-------------------------------------------
     0 | D:1      | Esekla the Deep Elf Wanderer began the quest for the Orb.
     0 | D:1      | Esekla set off with the following items: a +0 club, a
                  | potion of lignification, a +0 robe, a +0 buckler; and the
                  | following spells available to memorise: Apportation, Blink,
                  | Lesser Beckoning, Magic Dart, Ignite Poison, Vampiric
                  | Draining.
     0 | D:1      | Reached XP level 1. HP: 10/10 MP: 7/7
     2 | D:1      | Learned a level 1 spell: Magic Dart
     4 | D:1      | Learned a level 1 spell: Apportation
   256 | D:2      | Found Renulab's Jewellery Shop.
   521 | D:2      | Succumbed to an adder's poison

Illustrated notes

Levels and vault maps discovered:
D:1:      sevenhm_arrival_forest_fort_small_3, layout_rooms,
          chequers_serial_rivers_room_b, minmay_misc_feat_five
D:2:      layout_loops_ring, dreamdust_ecumenical_altar_angels_and_demons,
          serial_shops, shop
D:3:      layout_basic, grunt_temple_overflow_open, minmay_misc_feat_iff

Action                     || total
---------------------------++-------
   Cast: Apportation       ||    16
         Magic Dart        ||     3
    Use: Potion            ||     5
         Scroll            ||     3
 Armour: Robe              ||     9
  Dodge: Dodged            ||    18
  Block: Buckler           ||     2
